AoeStats
← baophule

Arabia

503560090Analyzed
1v1 RM · 1mo ago on Sep 1, 2026· 45m 55s· 2 players
Game mode
Random Map
Map size
Tiny (2 player)
Population
200
Speed
Normal
Resources
Standard
Victory
Conquest
Starting age
Dark Age
Ending age
Imperial Age
RankedLock teamsTeams togetherTeam positionsShared explorationLock speedFull tech treeHidden civsTurbo modeCheats
Victory
Defeat
🇨🇳 Huns · China
1192
+15
🇻🇳 Franks · Vietnam
1181
-15
baophule
9:31 Feudal Age
9:12 Loom
22:21 Castle Age
20:15 Double-Bit Axe
20:24 Gold Mining
21:29 Scale Barding Armor
21:35 Forging
21:30 Scale Barding Armor
21:45 Forging
23:30 Husbandry
24:44 Iron Casting
30:11 Stone Mining
31:10 Wheelbarrow
30:21 Town Watch
31:24 Chain Barding Armor
31:54 Bow Saw
33:40 Hand Cart
39:39 Imperial Age
37:02 Fletching
38:06 Bodkin Arrow
40:29 Cavalier
42:31 Plate Barding Armor
42:56 Blast Furnace
43:05 Conscription
44:06 #83
快乐大赢魔
5:52 Loom
9:09 Feudal Age
9:48 Horse Collar
9:54 Double-Bit Axe
16:19 Scale Barding Armor
22:46 Castle Age
21:53 Bloodlines
21:48 Scale Mail Armor
21:58 Forging
23:38 Bow Saw
23:31 Heavy Plow
23:53 Chain Barding Armor
23:25 Pikeman
25:54 Wheelbarrow
29:35 Hand Cart
31:46 Iron Casting
32:20 Husbandry
37:27 Imperial Age
37:33 Halberdier
38:13 Squires
37:59 Arson
38:23 Cavalier
39:41 Plate Barding Armor
40:07 Blast Furnace
40:09 Two-Man Saw
40:05 Town Watch
40:49 Chain Mail Armor
40:35 Padded Archer Armor
40:26 Fletching
42:16 Paladin
45:38 Gold Mining
45:38 Stone Mining
46:51 Conscription
Connection lost

Rejoining the realm…

Still unreachable

The connection could not be restored.

Session expired

The server has moved on; the page needs a fresh start.